 Dungeon Crawl Stone Soup version 0.19-a0-36-g4a0968a (webtiles) character file.

154583 Zhenya25pyc the Bludgeoner (level 17, 0/112 HPs)
             Began as a Gargoyle Fighter on May 4, 2016.
             Was a High Priest of Okawaru.
             Killed by divine providence
             ... invoked by a smoke demon
              (14 damage)
             ... in Pandemonium.
             The game lasted 01:50:05 (30922 turns).

Zhenya25pyc the Bludgeoner (Gargoyle Fighter)      Turns: 30922, Time: 01:50:05

Health: 0/112      AC: 37    Str: 24 (25) XL:     17   Next: 63%
Magic:  4/23       EV: 11    Int: 12 (13) God:    Okawaru [*****.]
Gold:   2749       SH: 28    Dex: 15      Spells: 0 memorised, 16 levels left

rFire  + . .     SeeInvis .     q - +2 whip (holy)
rCold  . . .     Gourm    .     P - +1 chain mail {rF+}
rNeg   + . .     Faith    .     K - +3 large shield {reflect}
rPois  ∞         Spirit   .     b - +1 hat {Int+3}
rElec  +         Dismiss  .     v - +2 cloak
rCorr  .         Reflect  +     G - +0 pair of gloves (curse)
SustAt .         Harm     .     D - +1 pair of boots
MR     +++..                    p - +4 amulet of reflection
Stlth  ++........               t - +5 ring of dexterity
                                n - ring of protection from magic

@: studying Throwing, extremely resistant to hostile enchantments, unstealthy
A: antennae 2, big wings, hooves 1, large bone plates 1, deterioration 1, magic
resistance 1, negative energy resistance 1, electricity resistance, unbreathing,
petrification resistance, no device heal 1, rot immunity, AC +12
a: Fly, Heroism, Finesse, Renounce Religion


You were in Pandemonium.
You worshipped Okawaru.
Okawaru was extremely pleased with you.
You were very hungry.

You visited 4 branches of the dungeon, and saw 26 of its levels.
You visited Pandemonium 1 time, and saw 2 of its levels.

You collected 2784 gold pieces.
You spent 35 gold pieces at shops.

Inventory:

Hand Weapons
 q - a +2 whip of holy wrath (weapon)
 O - the +4 long sword "Ebeg" {venom, MR++ Str+4}
   (You found it in Pandemonium)

   It poisons the flesh of those it strikes.
   It affects your strength (+4).
   It affects your resistance to hostile enchantments.
 S - a +2 demon whip of freezing
Missiles
 J - 4 javelins of penetration (quivered)
Armour
 b - a +1 hat of intelligence (worn)
 o - the +3 shield "Ediuseg" {rC+ rN+ Str+5 Dex-3}
   (Okawaru gifted it to you on level 14 of the Dungeon)

   It affects your strength (+5).
   It affects your dexterity (-3).
   It protects you from cold.
   It protects you from negative energy.
 r - the +18 shield of the gong {rElec rN+ MR+ EV-5}
   (You found it on level 5 of the Lair of Beasts)

   It affects your evasion (-5).
   It insulates you from electricity.
   It protects you from negative energy.
   It affects your resistance to hostile enchantments.
 v - a +2 cloak (worn)
 C - the +1 swamp dragon armour of the Earth {rPois rC+ Regen+ SInv}
   (You found it on level 7 of the Dungeon)

   It protects you from cold.
   It protects you from poison.
   It lets you see invisible.
   It increases your rate of regeneration.
 D - a +1 pair of boots (worn)
 G - a cursed +0 pair of gloves (worn)
 K - a +3 large shield of reflection (worn)
 P - a +1 chain mail of fire resistance (worn)
Jewellery
 n - a ring of protection from magic (left hand)
 p - a +4 amulet of reflection (around neck)
 t - a +5 ring of dexterity (right hand)
Wands
 w - a wand of teleportation (2/9)
 I - a wand of digging (10/24)
Scrolls
 a - 2 scrolls of blinking
 e - a scroll of teleportation
 g - 7 scrolls of magic mapping
 j - 2 scrolls of recharging
 k - 9 scrolls of remove curse
 s - a scroll of identify
 u - 6 scrolls of enchant weapon
 y - 2 scrolls of summoning
 B - a scroll of fog
 X - a scroll of holy word
Potions
 c - a potion of agility {unknown}
 d - 5 potions of might
 x - 9 potions of curing
 z - a potion of haste
 A - 3 potions of ambrosia
 L - 2 potions of flight
 M - a potion of resistance
 T - 2 potions of brilliance
Books
 N - a manual of Throwing
Comestibles
 f - 3 bread rations
 h - 16 meat rations
 l - 12 slices of pizza
 m - 10 beef jerkies
 Q - 30 fruits


   Skills:
 + Level 14.6 Fighting
 - Level 15.3 Maces & Flails
 + Level 3.4 Throwing
 + Level 13.2 Armour
 * Level 9.4 Dodging
 + Level 10.6 Stealth
 + Level 12.0 Shields
 - Level 8.9 Invocations


You had 16 spell levels left.
You didn't know any spells.

Dungeon Overview and Level Annotations

Branches:
Dungeon (15/15)            Temple (1/1) D:6            Lair (8/8) D:10
 Shoals (0/4) Lair:3        Snake (0/4) Lair:4        Slime (0/6) Lair:6
    Orc (2/2) D:11            Elf (0/3) Orc:2        Vaults (0/5) D:14
 Depths (0/5) D:15

Altars:
Ashenzari
Cheibriados
Dithmenos
Elyvilon
Fedhas
Gozag
Kikubaaqudgha
Makhleb
Nemelex Xobeh
Okawaru
Pakellas
Qazlal
Ru
Sif Muna
Trog
Vehumet
Xom
Yredelemnul
Zin
The Shining One

Shops:
D:5 %!   D:9 !   D:13 (   Orc:2 %:[

Portals:
Pandemonium: Orc:2
Trove: D:14 (give wand of heal wounds (9))


Innate Abilities, Weirdness & Mutations

You are resistant to torment.
Your stone body is resilient (AC +12).
You are immune to poison.
Your large and strong wings let you fly indefinitely.
You resist negative energy.
You are resistant to electric shocks.
You can survive without breathing.
You are immune to petrification.
You are immune to rotting.
You have a pair of antennae on your head.
You have large cloven feet.
You are partially covered in large bone plates (AC +2, SH +2).
Your body sometimes deteriorates upon taking damage.
You are resistant to hostile enchantments.
Potions and wands are less effective at restoring your health.


Message History

Something hits you but does no damage. You block something's attack.
Something hits you!
* * * LOW HITPOINT WARNING * * *
You feel your power leaking away.
A smoke demon comes into view.
The smoke demon roars!
The smoke demon gestures at you. The sticky flame hits you!
You are covered in liquid flames!
You are covered in liquid flames!
* * * LOW HITPOINT WARNING * * *
Something hits you but does no damage.
You are covered in liquid flames!
* * * LOW HITPOINT WARNING * * *
You are covered in liquid flames!
* * * LOW HITPOINT WARNING * * *
The smoke demon gestures at you. Something smites you!
You die...

###############
#.......[.....#
####.###########.###
.[.................#
####.#####3#####.#.#
#.# #.# #@#.# #.#
#.#####{#.# #.#
#..3..#.#.# ## #.##
#.###.#.#.# .# #.≈##
#.#...3.#.#
.###.≈≈###.#######.#
.##≈.≈≈≈##..(......#
.#≈≈.≈≈≈≈#.#########
.≈≈≈.≈≈≈≈≈.#


You could see a smoke demon.

Vanquished Creatures
  2 Executioners (Pan)
  2 balrugs (Pan)
  An angel (Pan)
  A reaper (Pan)
  3 lorocyprocas (Pan)
  4 dire elephants (Lair:8)
  A blood saint (Pan)
  A green death (Pan)
  2 fire dragons (D:15)
  Josephine (Orc:1)
  A vault guard (D:14)
  10 hydras
  3 centaur warriors
  An anaconda (Lair:8)
  5 orc high priests (Orc:2)
  A tengu warrior (D:14)
  13 death yaks
  8 soul eaters
  10 sun demons (Pan)
  3 unseen horrors
  9 skeletal warriors
  2 gelid demonspawn (Orc:2)
  2 infernal demonspawn (Pan)
  A putrid demonspawn (Pan)
  9 hill giants
  A flayed ghost (D:15)
  2 torturous demonspawn (Orc:2)
  6 ugly things
  Pikel (D:4)
  4 orc knights (Orc:2)
  3 wizards (D:10)
  A deep elf mage (Orc:2)
  6 orc sorcerers (Orc:2)
  2 griffons
  2 wolf spiders (Lair:5)
  An oklob plant (Lair:7)
  5 cyclopes
  The ghost of Zhenya25pyc the Cudgeler, a novice GrFi (D:7)
  10 elephants
  10 smoke demons (Pan)
  2 torpor snails
  9 black mambas
  A molten gargoyle (Lair:6)
  An orange demon (Orc:2)
  An ice statue (D:7)
  7 spiny frogs
  A gargoyle (D:12)
  6 komodo dragons
  An efreet (D:15)
  3 rime drakes
  3 demonic crawlers (Pan)
  A yaktaur (D:14)
  A tormentor (Pan)
  2 hellwings
  2 trolls
  2 slime creatures
  2 polar bears
  A harpy skeleton (D:15)
  A snapping turtle (Lair:3)
  24 blink frogs
  A spriggan (Lair:7)
  A shadow (D:14)
  6 ynoxinuls (Pan)
  4 large abominations (Pan)
  6 wraiths
  12 yaks
  2 vampires
  A wyvern (Lair:1)
  2 basilisks
  A water elemental (D:11)
  5 hippogriffs
  2 chaos spawn (Orc:2)
  A neqoxec (Pan)
  2 hungry ghosts
  2 mottled dragons
  7 vampire mosquitoes
  2 nagas (Lair:4)
  A soldier ant (D:14)
  13 water moccasins
  Duvessa (D:4)
  8 porcupines
  25 orc warriors
  2 swamp drakes
  A black bear (D:10)
  5 ice beasts
  4 sky beasts
  A wasp (D:11)
  Purgy (D:4)
  2 eyes of draining
  4 centaurs
  13 ogres
  6 boggarts (D:10)
  3 phantoms
  3 wolves (Lair:5)
  19 crocodiles
  24 giant frogs
  7 big kobolds
  2 gnoll sergeants
  Dowan (D:4)
  A water moccasin zombie (D:10)
  4 scorpions
  11 killer bees
  6 wights
  2 howler monkeys
  3 electric eels (D:11)
  6 crimson imps
  3 giant frog zombies
  A centaur zombie (D:10)
  7 hounds
  9 jellies
  Crazy Yiuf (D:4)
  24 orc priests
  2 gnoll shamans
  4 centaur skeletons
  8 iguanas
  24 orc wizards
  12 worker ants
  35 sheep
  A hound zombie (D:6)
  A hound skeleton (D:10)
  17 gnolls
  16 adders
  43 river rats
  A shadow imp (D:5)
  7 oozes
  5 adder skeletons
  2 worms
  4 giant geckos
  66 orcs
  A ball python (D:1)
  8 bats
  8 giant cockroaches
  6 goblins
  4 hobgoblins
  19 jackals
  2 quokkas
  2 giant gecko skeletons
  A giant newt (D:3)
  19 kobolds
  4 rats
  A fire vortex (Lair:6)
  2 fungi
  11 plants
839 creatures vanquished.

Vanquished Creatures (others)
  A blood saint (Pan)
  A soul eater (Pan)
  2 cyclopes
  A slave (D:4)
  A centaur (D:7)
  A boggart (D:10)
  A scorpion (D:9)
  2 worker ants (D:4)
  Robin (D:4)
  An ooze (D:4)
  A worm (D:4)
  3 orcs
  3 hobgoblins (D:4)
  A kobold (D:11)
  4 goblins (D:4)
  2 quokka skeletons (D:4)
  13 fungi
  7 plants
46 creatures vanquished.

Grand Total: 885 creatures vanquished

Notes
Turn   | Place    | Note
--------------------------------------------------------------
     0 | D:1      | Zhenya25pyc the Gargoyle Fighter began the quest for the Orb.
     0 | D:1      | Reached XP level 1. HP: 14/14 MP: 1/1
   199 | D:1      | Reached XP level 2. HP: 19/19 MP: 2/2
   686 | D:2      | Reached XP level 3. HP: 21/23 MP: 3/3
   755 | D:2      | Found a blossoming altar of Fedhas.
  1033 | D:2      | Reached skill level 3 in Maces & Flails
  1058 | D:2      | Reached XP level 4. HP: 28/28 MP: 4/4
  1572 | D:3      | Reached XP level 5. HP: 33/33 MP: 5/5
  1604 | D:3      | Found a faded altar to an unknown god.
  2030 | D:4      | Noticed Dowan
  2040 | D:4      | Noticed Duvessa
  2043 | D:4      | Noticed a phantom
  2054 | D:4      | Killed Duvessa
  2054 | D:4      | Reached skill level 4 in Maces & Flails
  2054 | D:4      | Reached XP level 6. HP: 36/38 MP: 6/6
  2063 | D:4      | Killed Dowan
  2107 | D:4      | Killed a phantom
  2407 | D:4      | Noticed a slave
  2408 | D:4      | Noticed a slave
  2415 | D:4      | Noticed a slave
  2418 | D:4      | Noticed Pikel
  2423 | D:4      | Noticed a slave
  2458 | D:4      | Killed Pikel
  2458 | D:4      | Reached skill level 5 in Fighting
  2458 | D:4      | Reached skill level 5 in Maces & Flails
  2458 | D:4      | Reached skill level 5 in Armour
  2458 | D:4      | Reached skill level 5 in Shields
  2458 | D:4      | Reached XP level 7. HP: 33/44 MP: 7/7
  2474 | D:4      | Reached XP level 8. HP: 9/49 MP: 8/8
  2652 | D:4      | Killed Robin
  2795 | D:4      | Reached skill level 6 in Maces & Flails
  2819 | D:4      | Found an ancient bone altar of Kikubaaqudgha.
  2937 | D:4      | Noticed Purgy
  2958 | D:4      | Killed Purgy
  3505 | D:4      | Noticed Crazy Yiuf
  3512 | D:4      | Killed Crazy Yiuf
  3577 | D:5      | Entered Level 5 of the Dungeon
  3925 | D:5      | Found Pisugekk's Food Shop.
  3947 | D:5      | Reached skill level 7 in Maces & Flails
  4083 | D:5      | Gained mutation: You are clumsy. (Dex -2) [mutagenic meat]
  4084 | D:5      | Gained mutation: You expend magic power (3 MP) to strengthen your wands. [mutagenic meat]
  4085 | D:5      | Gained mutation: Potions and wands are less effective at restoring your health. [mutagenic meat]
  4173 | D:5      | Found Veamp's Distillery.
  4187 | D:5      | Bought a potion of mutation for 35 gold pieces
  4189 | D:5      | Gained mutation: You possess an exceptional clarity of mind. [potion of mutation]
  4189 | D:5      | Gained mutation: Your mind is acute. (Int +2) [potion of mutation]
  4189 | D:5      | Lost mutation: You possess an exceptional clarity of mind. [potion of mutation]
  4190 | D:5      | Gained mutation: You are partially covered in large bone plates (AC +2, SH +2). [potion of mutation]
  4190 | D:5      | Gained mutation: You have a pair of small antennae on your head. [potion of mutation]
  4191 | D:5      | Gained mutation: You have large cloven feet. [potion of mutation]
  4191 | D:5      | Gained mutation: Your large and strong wings let you fly indefinitely. [potion of mutation]
  4206 | D:5      | Reached XP level 9. HP: 55/55 MP: 9/9
  4510 | D:6      | Found a staircase to the Ecumenical Temple.
  4601 | Temple   | Entered the Ecumenical Temple
  4827 | Temple   | Became a worshipper of Warmaster Okawaru
  5215 | D:6      | Reached skill level 8 in Maces & Flails
  5778 | D:7      | Reached * piety under Okawaru
  5779 | D:7      | Found an opulent altar of Gozag.
  6010 | D:7      | Noticed an ice statue
  6027 | D:7      | Noticed Zhenya25pyc's ghost (novice GrFi)
  6048 | D:7      | Killed Zhenya25pyc's ghost
  6048 | D:7      | Reached skill level 9 in Maces & Flails
  6048 | D:7      | Reached XP level 10. HP: 62/63 MP: 10/10
  6075 | D:7      | Reached ** piety under Okawaru
  6092 | D:7      | Noticed a balrug
  6093 | D:7      | Found a burning altar of Makhleb.
  6096 | D:7      | Found a glowing silver altar of Zin.
  6096 | D:7      | Noticed an angel
  6622 | D:8      | Found a deep blue altar of Sif Muna.
  6701 | D:8      | You fall through a shaft!
  6730 | D:9      | Found Kulock's Distillery.
  6734 | D:9      | Found a radiant altar of Vehumet.
  6867 | D:8      | Found a white marble altar of Elyvilon.
  6869 | D:8      | Reached skill level 1 in Invocations
  7556 | D:9      | Reached *** piety under Okawaru
  7983 | D:9      | Reached skill level 10 in Maces & Flails
  8103 | D:9      | Found an oddly glowing altar of Pakellas.
  8465 | D:10     | Entered Level 10 of the Dungeon
  8698 | D:5      | Found a snail-covered altar of Cheibriados.
  9055 | D:10     | Noticed a hill giant
  9104 | D:9      | Killed a hill giant
  9104 | D:9      | Reached **** piety under Okawaru
  9141 | D:10     | Noticed a wizard
  9162 | D:10     | Killed a wizard
  9162 | D:10     | Reached XP level 11. HP: 60/69 MP: 11/13
  9167 | D:10     | Noticed a hill giant
  9170 | D:10     | Noticed a wizard
  9176 | D:10     | Killed a hill giant
  9196 | D:10     | Killed a wizard
  9362 | D:10     | Lost mutation: You are clumsy. (Dex -2) [potion of mutation]
  9362 | D:10     | Gained mutation: You have a pair of antennae on your head. [potion of mutation]
  9362 | D:10     | Lost mutation: You expend magic power (3 MP) to strengthen your wands. [potion of mutation]
  9446 | D:10     | Noticed a wizard
  9456 | D:10     | Killed a wizard
  9734 | D:10     | Reached skill level 11 in Maces & Flails
 10263 | D:10     | Found a staircase to the Lair.
 10427 | D:11     | Reached ***** piety under Okawaru
 10481 | D:11     | Noticed a two-headed hydra
 10493 | D:11     | Killed a two-headed hydra
 10535 | D:11     | Killed an unseen horror
 10659 | D:11     | Noticed a hill giant
 10667 | D:11     | Killed a hill giant
 10863 | D:11     | Noticed a skeletal warrior
 10863 | D:11     | Noticed a skeletal warrior
 10864 | D:11     | Noticed a skeletal warrior
 10886 | D:11     | Killed a skeletal warrior
 10886 | D:11     | Reached skill level 5 in Invocations
 10911 | D:11     | Killed a skeletal warrior
 10928 | D:11     | Killed a skeletal warrior
 10928 | D:11     | Reached XP level 12. HP: 48/76 MP: 14/16
 11483 | D:11     | Reached skill level 12 in Maces & Flails
 11631 | D:11     | Reached ****** piety under Okawaru
 11678 | D:11     | Found a staircase to the Orcish Mines.
 11907 | D:12     | Received a gift from Okawaru
 12376 | D:12     | Reached skill level 10 in Shields
 12382 | D:12     | Reached skill level 1 in Stealth
 12770 | D:13     | Reached skill level 1 in Dodging
 12771 | D:13     | Found Mequuc's Weapon Boutique.
 12855 | D:13     | Reached skill level 10 in Fighting
 12861 | D:13     | Reached skill level 10 in Armour
 12948 | D:13     | Noticed a centaur warrior
 12958 | D:13     | Killed a centaur warrior
 12958 | D:13     | Received a gift from Okawaru
 13445 | D:14     | Noticed an eight-headed hydra
 13453 | D:14     | Killed an eight-headed hydra
 13643 | D:14     | Reached XP level 13. HP: 73/83 MP: 18/18
 13661 | D:14     | Gained mutation: Your magical capacity is low (-10% MP). [mutagenic meat]
 13663 | D:14     | Lost mutation: You have large cloven feet. [mutagenic meat]
 13664 | D:14     | Lost mutation: Your magical capacity is low (-10% MP). [mutagenic meat]
 13665 | D:14     | Lost mutation: Your mind is acute. (Int +2) [mutagenic meat]
 13667 | D:14     | Gained mutation: You are dopey. (Int -2) [mutagenic meat]
 13953 | D:14     | Found a portal to a secret trove of treasure.
 14123 | D:14     | Noticed a vault guard
 14154 | D:14     | Reached skill level 13 in Maces & Flails
 14205 | D:14     | Killed a vault guard
 14212 | D:14     | Received a gift from Okawaru
 14215 | D:14     | Got a twisted shield {god gift}
 14234 | D:14     | Identified the +3 shield "Ediuseg" {rC+ rN+ Str+5 Dex-3} (Okawaru gifted it to you on level 14 of the Dungeon)
 14273 | D:14     | Found a gate to the Vaults.
 14482 | D:15     | Entered Level 15 of the Dungeon
 14543 | D:15     | Reached skill level 5 in Stealth
 15263 | D:15     | Noticed a fire dragon
 15264 | D:15     | Noticed a fire dragon
 15279 | D:15     | Killed a fire dragon
 15291 | D:15     | Killed a fire dragon
 15291 | D:15     | Mutation became permanent: Your large and strong wings let you fly indefinitely. [Gargoyle growth]
 15291 | D:15     | Reached XP level 14. HP: 31/90 MP: 16/19
 15492 | D:15     | Found a staircase to the Depths.
 15953 | Lair:1   | Entered Level 1 of the Lair of Beasts
 15959 | Lair:1   | Received a gift from Okawaru
 17326 | Lair:3   | Reached skill level 14 in Maces & Flails
 17764 | Lair:3   | Found a staircase to the Shoals.
 18153 | Lair:3   | Got a fine leather armour
 18407 | Lair:4   | Reached skill level 5 in Dodging
 18407 | Lair:4   | Reached XP level 15. HP: 86/96 MP: 20/20
 18502 | Lair:4   | Found a staircase to the Snake Pit.
 20564 | Lair:6   | Received a gift from Okawaru
 20984 | Lair:6   | Gained mutation: You are resistant to hostile enchantments. [potion of beneficial mutation]
 20985 | Lair:6   | Gained mutation: You have large cloven feet. [potion of beneficial mutation]
 21291 | Lair:6   | Found a staircase to the Slime Pits.
 21348 | Lair:6   | Reached XP level 16. HP: 79/103 MP: 21/21
 22796 | Lair:8   | Entered Level 8 of the Lair of Beasts
 23278 | Lair:8   | Found a shadowy altar of Dithmenos.
 23974 | Lair:8   | Received a gift from Okawaru
 23996 | Lair:8   | Received a gift from Okawaru
 24846 | D:7      | Got an encrusted swamp dragon armour
 24857 | D:7      | Identified the +1 swamp dragon armour of the Earth {rPois rC+ Regen+ SInv} (You found it on level 7 of the Dungeon)
 26092 | Lair:6   | Reached skill level 15 in Maces & Flails
 26291 | Orc:1    | Entered Level 1 of the Orcish Mines
 26417 | Orc:1    | Noticed Josephine
 26442 | Orc:1    | Killed Josephine
 26560 | Orc:2    | Entered Level 2 of the Orcish Mines
 26778 | Orc:2    | Found Quosenlu's General Store.
 26780 | Orc:2    | Found Umoff's Food Boutique.
 27110 | Orc:2    | Found a staircase to the Elven Halls.
 27718 | Orc:2    | Found Xaje's Antique Armour Shoppe.
 27718 | Orc:2    | Found a one-way gate leading to the halls of Pandemonium.
 27718 | Orc:2    | Found Kyrr's Book Emporium.
 27987 | Pan      | Entered Pandemonium
 28090 | Pan      | Reached XP level 17. HP: 53/111 MP: 17/23
 28101 | Pan      | Reached skill level 10 in Stealth
 28371 | Pan      | Received a gift from Okawaru
 28588 | Pan      | Noticed an Executioner
 28622 | Pan      | Killed an Executioner
 28643 | Pan      | Noticed an Executioner
 28647 | Pan      | Noticed a Brimstone Fiend
 28757 | Pan      | Reached skill level 1 in Throwing
 29351 | Pan      | Got a crude long sword
 29391 | Pan      | Identified the +4 long sword "Ebeg" {venom, MR++ Str+4} (You found it in Pandemonium)
 29469 | Pan      | Noticed an Executioner
 29668 | Pan      | Gained mutation: You are frail (-10% HP). [potion of mutation]
 29668 | Pan      | Gained mutation: Your body sometimes deteriorates upon taking damage. [potion of mutation]
 29668 | Pan      | Lost mutation: You are dopey. (Int -2) [potion of mutation]
 29669 | Pan      | Lost mutation: You are frail (-10% HP). [potion of mutation]
 30253 | Pan      | Killed an Executioner
 30516 | Pan      | HP: 5/112 [burnt (4)]
 30615 | Pan      | Noticed an Executioner
 30922 | Pan      | Killed from afar by a smoke demon

Vault maps used:
D:1:      sevenhm_arrival_forest_fort_large_2
D:2:      fedhas_altar_1
D:3:      ecumenical_altar_2
D:4:      kiku_gazebo_pond_becter, uniq_pikel, uniq_crazy_yiuf_cottage,
          uniq_purgy, uniq_duvessa, uniq_robin
D:5:      lemuel_upstairs_altar, serial_shops, shop, kennysheep_mini,
          first_bread
D:6:      temple_statues
D:7:      lemuel_ice_statue, grunt_temple_overflow_order_and_chaos_2,
          overflow_temple_1_default
D:8:      elyvilon_altar_4, tgw_sif
D:9:      fiery_altar_vehumet, lemuel_crystal_altar, serial_shops, shop
D:10:     minmay_smoke_and_mirrors, lair_0_dummy
D:11:     erik_orc_1, hangedman_ranch
D:13:     serial_shops, nicolae_shop_waterfront, grunt_decor_cap
D:14:     david_vaults_5, enter_trove_2
D:15:     grunt_enter_depths_hoard
Temple:   eino_temple_water_12
Lair:2:   hibernation_bobbens, lemuel_fruit_tree, bh_autumn_forest_stairs
Lair:3:   minmay_shoals_entry_hut, grunt_megastairs_5
Lair:4:   minmay_snake_entry_guardpost_small
Lair:5:   minmay_lair_venomous_thicket, infiniplex_staircase_pool_2
Lair:6:   nicolae_slime_entry_slimehenge, grunt_megastairs_1
Lair:7:   minivault_11, wad_woods_03
Lair:8:   due_jungle_book, basic_altar
Orc:1:    uniq_josephine
Orc:2:    pf_orc_diabolical
Pan:      evilmike_mini_pan_branches, lemuel_hall_of_pain,
          nicolae_pan_mnolegish_5, nicolae_pan_sigil_itan

Skill      XL: |  1  2  3  4  5  6  7  8  9 10 11 12 13 14 15 16 17 |
---------------+----------------------------------------------------+-----
Maces & Flails | 3 4 5 7 9 10 11 12 13 14 15 | 15.3
Shields        | 4 5 6 7 8 9 10 11 12 | 12.0
Armour         | 4 5 6 7 8 9 10 11 12 13 | 13.2
Fighting       | 4 5 6 7 8 9 10 11 12 14 | 14.6
Invocations    | 2 5 6 7 8 |  8.9
Stealth        | 3 5 7 8 9 10 | 10.6
Dodging        | 2 3 5 6 8 9 |  9.4
Throwing       | 3 |  3.4

Action                   |  1- 3 |  4- 6 |  7- 9 | 10-12 | 13-15 | 16-18 || total
-------------------------+-------+-------+-------+-------+-------+-------++-------
Melee: Flail             |   117 |   220 |   243 |       |       |       ||   580
       Morningstar       |       |       |   173 |  1162 |   526 |       ||  1861
       Kick              |       |       |    70 |    68 |       |       ||   138
       Demon whip        |       |       |       |       |   782 |  1394 ||  2176
       Whip              |       |       |       |       |       |   337 ||   337
       Long sword        |       |       |       |       |       |    27 ||    27
Invok: Heroism           |       |       |       |     3 |     2 |    12 ||    17
       Finesse           |       |       |       |     1 |     1 |     9 ||    11
 Abil: Fly               |       |       |       |     1 |       |     1 ||     2
       Stop Flying       |       |       |       |     1 |       |     1 ||     2
Evoke: Wand              |       |       |       |     3 |       |     4 ||     7
  Use: Potion            |       |       |     3 |     1 |     3 |     9 ||    16
       Scroll            |       |       |       |    12 |    14 |    13 ||    39
 Stab: Confused          |       |       |       |     1 |       |       ||     1
       Distracted        |       |       |       |       |       |     4 ||     4
       Sleeping          |       |       |       |       |       |     1 ||     1
  Eat: Chunk             |     1 |     3 |    17 |    25 |    30 |    14 ||    90
       Pizza             |       |       |       |     1 |       |       ||     1
       Bread ration      |       |       |       |       |     1 |     4 ||     5
       Royal jelly       |       |       |       |       |       |     1 ||     1
Armor: Scale mail        |    70 |    85 |   196 |   247 |       |    11 ||   609
       Plate armour      |       |       |       |    58 |       |       ||    58
       Chain mail        |       |       |       |   148 |   301 |    80 ||   529
       Swamp dragon armo |       |       |       |       |       |   187 ||   187
Dodge: Dodged            |    43 |    47 |   114 |   298 |   218 |   254 ||   974
Block: Shield            |    68 |   158 |   374 |   957 |  1139 |   210 ||  2906
       Reflection        |       |     5 |     9 |    23 |    17 |    22 ||    76
       Other             |       |       |       |       |     2 |       ||     2
       Large shield      |       |       |       |       |       |  1172 ||  1172
